 Dungeon Crawl Stone Soup version 0.29.0-4-gdea44cf6ec (webtiles) character file.

Game seed: 3781496078750978466

48 qw the Chopper (level 3, -5/21 HPs)
             Began as a Tengu Warper on Aug 28, 2022.
             Killed by divine providence
             ... invoked by an orc priest
              (12 damage)
             ... on level 3 of the Dungeon.
             The game lasted 00:00:10 (2211 turns).

qw the Chopper (Tengu Warper)                       Turns: 2211, Time: 00:00:10

Health: -5/21      AC:  5    Str: 13    XL:     3   Next: 72%
Magic:  7/7        EV: 10    Int: 13    God:
Gold:   83         SH:  3    Dex: 13    Spells: 6/6 levels left

rFire   . . .      SeeInvis .   Y - +0 hand axe
rCold   . . .      Faith    .   a - +0 buckler
rNeg    . . .      Spirit   .   k - +0 ring mail
rPois   .          Reflect  .   (helmet restricted)
rElec   .          Harm     .   (no cloak)
rCorr   .          Rampage  .   (no gloves)
Will    .....                   (boots unavailable)
Stlth   +.........              (no amulet)
HPRegen 0.07/turn               m - +4 ring of slaying {mikee}
MPRegen 0.10/turn               (no ring)

@: no status effects
A: beak, talons 3
a: no special abilities


You were on level 3 of the Dungeon.
You visited 1 branch of the dungeon, and saw 3 of its levels.

You collected 83 gold pieces.


Innate Abilities, Weirdness & Mutations

You have a beak for a mouth.
You have claws for feet.


   Skills:
 - Level 2.0 Fighting
 - Level 4.3 Axes
 - Level 1.0 Throwing
 - Level 1.1 Armour
 - Level 2.1 Dodging
 + Level 0.3 Shields
 - Level 2.0 Spellcasting
 - Level 2.4 Translocations


You had 6 spell levels left.
You didn't know any spells.
Your spell library contained the following spells:

 Spells                   Type           Power      Damage    Failure   Level
 Blink                    Tloc           14%        N/A       38%         2
 Gell's Gravitas          Tloc           7%         N/A       63%         3
 Lesser Beckoning         Tloc           7%         N/A       63%         3
 Teleport Other           Tloc           7%         N/A       63%         3
 Manifold Assault         Tloc           7%         N/A       100%        5

Inventory:

Hand Weapons
 d - a +0 club
 Y - a +0 hand axe (weapon)
Armour
 a - a +0 buckler (worn)
 k - a +0 ring mail (worn)
Jewellery
 m - a +4 ring of slaying (left hand) {mikee}
Scrolls
 c - a scroll of identify
 e - a scroll of enchant armour
Potions
 b - a potion of curing {unknown}
 f - a potion of berserk rage {unknown}
 g - a potion of brilliance {unknown}
 h - a potion of flight {unknown}
 j - a potion of mutation
 l - a potion of ambrosia {unknown}

Dungeon Overview and Level Annotations

Branches:
Dungeon (3/15)

Altars:


Message History

Assign waypoint to what number? (0-9, D - delete waypoint) Waypoint 2 re-assigned from D:1 to D:3.
Found a robe and a glaive.
e - a scroll of enchant armour A goblin comes into view.
It is wielding a +0 dagger.
The goblin shouts!
You hear a shout!
A hobgoblin comes into view.
You closely miss the goblin. Your kick misses the goblin.
Your peck misses the goblin. The goblin hits you with a +0 dagger.
A frilled lizard comes into view.
The frilled lizard hisses angrily.
You hit the goblin.
You kill the goblin!
You hit the hobgoblin.
The hobgoblin is heavily wounded.
The hobgoblin barely misses you.
You hit the hobgoblin.
You kill the hobgoblin!
You slash the frilled lizard!
You kill the frilled lizard!
Things that are here:
a +0 dagger; a hobgoblin corpse; a goblin corpse An orc comes into view.
It is wielding a +0 whip.
The orc shouts!
You hear a shout!
An orc priest comes into view. It is wielding a +0 hand axe.
An orc comes into view. It is wielding a +0 short sword.
Enter note: An orc priest comes into view.
It is wielding a +0 whip.
The orc priest shouts!
The orc throws a boomerang.
The boomerang hits you.
An orc comes into view. It is wielding a +0 mace.
The orc priest calls down the wrath of Beogh upon you.
Beogh smites you!
Ouch! That really hurt!
You closely miss the orc.
The orc priest invokes the aid of Beogh against you.
Beogh smites you!
Ouch! That really hurt!
You die...

#...........#
#...........#
#...........#
#..o........#
#...........#
#..o..o.....#
#....oo.....# #@#
#.# #######.#######
#.....#.#......
#.###.#........
#...#.#......##
#######.#.#......#.
#.........#......#
#.#####.###......#


You could see 2 orc priests and 3 orcs.

Vanquished Creatures
  3 worms (D:2)
  A bat (D:2)
  5 endoplasms
  6 goblins
  6 hobgoblins
  A kobold (D:1)
  2 quokkas (D:1)
  5 ball pythons
  3 frilled lizards
  2 rats
34 creatures vanquished.

Notes
Turn   | Place    | Note
-------+----------+-------------------------------------------
     0 | D:1      | qw the Tengu Warper began the quest for the Orb.
     0 | D:1      | Reached XP level 1. HP: 12/12 MP: 4/4
     0 | D:1      | 0 ||| qw: Version: 0.1-a-89-g26bdef1
     0 | D:1      | 0 ||| qw: Game counter: 1411
     0 | D:1      | 0 ||| qw: Always use a shield: true
     0 | D:1      | 0 ||| qw: God list: Okawaru
     0 | D:1      | 0 ||| qw: Allow faded altars: false
     0 | D:1      | 0 ||| qw: Do Orc after D:15 true
     0 | D:1      | 0 ||| qw: Do second Lair branch before Depths: true
     0 | D:1      | 0 ||| qw: Lair rune preference: random
     0 | D:1      | 0 ||| qw: Plans: Normal
     0 | D:1      | 0 ||| PLANNING D:1-11
   216 | D:1      | Reached XP level 2. HP: 17/17 MP: 6/6
   264 | D:1      | Reached skill level 3 in Axes
   611 | D:1      | 611 ||| Stepping ~*~*~tactically~*~*~ (stealth).
   612 | D:1      | 612 ||| Stepping ~*~*~tactically~*~*~ (stealth).
   627 | D:1      | Reached XP level 3. HP: 14/21 MP: 7/7
  1037 | D:1      | 1037 ||| UPGRADING to +0 ring mail.
  1047 | D:1      | 1047 ||| DROPPING +0 leather armour.
  1048 | D:1      | 1048 ||| UPGRADING to +4 ring of slaying {mikee}.
  1049 | D:1      | 1049 ||| DROPPING ring of magical power.
  1050 | D:1      | 1050 ||| READING scroll labelled UROXEN BIECW.
  1051 | D:1      | 1051 ||| READING scroll labelled VUJIWN EMAOPS.
  1052 | D:1      | 1052 ||| READING scroll labelled ZOOWAIGRANEU.
  1053 | D:1      | 1053 ||| DRINKING 2 murky brown potions.
  1054 | D:1      | 1054 ||| DROPPING scroll of blinking.
  1163 | D:2      | Reached skill level 4 in Axes
  2096 | D:2      | 2096 ||| UPGRADING to +0 buckler.
  2101 | D:2      | 2101 ||| READING scroll labelled GAUNNO NIOH.
  2211 | D:3      | Killed from afar by an orc priest

Levels and vault maps discovered:
D:1:      lemuel_arrival_tunnels, layout_loops_corners
D:2:      layout_basic, nrook_loot_triangle
D:3:      layout_basic, gammafunk_ghost_smash, goddamned_bats

Skill      XL: |  1  2  3 |
---------------+----------+-----
Axes           | 3 4 |  4.3
Fighting       | |  2.0
Throwing       | |  1.0
Armour         | |  1.1
Dodging        | |  2.1
Shields        | |  0.3
Spellcasting   | |  2.0
Translocations | |  2.4

Action                   || total
-------------------------++-------
Melee: Hand axe          ||    63
       Kick              ||    15
       Peck              ||    13
Throw: Boomerang         ||     7
  Use: Scroll            ||     4
       Potion            ||     1
Armor: Leather armour    ||     4
       Ring mail         ||     3
Dodge: Dodged            ||    21

Table legend:
 A = Non-vault XP
 B = Vault XP
 C = Vault XP percentage of total XP
 D = Non-vault monster count
 E = Vault monster count
 F = Vault count percentage of total count
                 A         B        C        D         E       F
            +---------+---------+-------+---------+---------+-------
      Total |      69 |       0 |   0.0 |      34 |       0 |   0.0
            +---------+---------+-------+---------+---------+-------
        D:1 |      41 |       0 |   0.0 |      23 |       0 |   0.0
        D:2 |      23 |       0 |   0.0 |       8 |       0 |   0.0
        D:3 |       5 |       0 |   0.0 |       3 |       0 |   0.0
            +---------+---------+-------+---------+---------+-------
